Map: Empire éternel EC

Players

MMA - Winner!

  • Race: Terran Terran
  • League: Master
  • Spawn Location: 1:00

Unix

  • Race: Terran Terran
  • League: Master
  • Spawn Location: 7:00

VOD

Have the link to the VOD?

Description

Time

  • Played on: Aug. 5, 2020, 12:18 a.m.
  • Length: 27:20
Show
View Real Time Build Order
Export as new Build Order

MMA Terran - Winner!

Build Orders: Gas First Reaper Expand 

Get SALT Encoding   

  12  0:00  SCV  
  13  0:12  SCV  
  14  0:17  Supply Depot  
  14  0:25  SCV  
  14  0:28  Refinery  
  15  0:38  SCV  
  16  0:45  Barracks  
  16  0:50  SCV  
  17  1:03  SCV  
  18  1:15  SCV  
  19  1:33  Orbital Command  
  19  1:34  Reaper  
  20  1:54  Command Center  
  20  1:58  SCV  
  21  2:03  Factory  
  21  2:06  Barracks Reactor  
  21  2:12  SCV  
  22  2:19  Supply Depot  
  22  2:28  SCV  
  22  2:48  Marine x2  
  22  2:49  Factory Tech Lab  
  22  2:51  SCV  
  25  2:55  Command Center  
  25  3:05  SCV  
  26  3:09  Cyclone  
  29  3:13  Marine  
  29  3:14  Marine  
  29  3:18  SCV  
  32  3:22  Refinery  
  32  3:26  Orbital Command  
  32  3:30  SCV  
  33  3:35  Starport  
  33  3:43  SCV  
  33  3:48  Refinery  
  33  3:51  SCV  
  33  3:55  SCV, Factory Tech Lab  
  35  3:56  Marine x2  
  37  4:03  SCV  
  37  4:07  SCV  
  37  4:09  Orbital Command  
  39  4:15  SCV  
  40  4:17  Marine x2  
  40  4:19  SCV  
  40  4:20  Raven  
  45  4:25  Refinery  
  45  4:28  SCV  
  46  4:31  SCV  
  46  4:35  Siege Tank  
  46  4:37  SCV  
  51  4:40  SCV  
  51  4:41  Marine  
  51  4:42  Marine  
  51  4:44  SCV  
  54  4:49  SCV  
  55  4:54  SCV  
  55  4:55  Engineering Bay  
  55  4:56  Engineering Bay  
  55  4:58  Supply Depot  
  55  4:59  SCV  
  57  5:02  Marine  
  57  5:03  Marine  
  59  5:09  Raven  
  61  5:18  Supply Depot  
  61  5:19  SCV, Siege Tank  
  66  5:21  SCV  
  66  5:22  SCV  
  66  5:23  Marine x2  
  66  5:27  Supply Depot  
  69  5:31  Terran Infantry Weapons Level 1  
  69  5:35  Terran Infantry Armor Level 1  
  69  5:39  SCV  
  69  5:40  SCV  
  69  5:41  Missile Turret  
  71  5:44  SCV  
  71  5:46  Missile Turret  
  74  5:51  Orbital Command  
  74  5:53  Supply Depot  
  74  5:55  Siege Tank  
  75  6:04  SCV  
  75  6:06  SCV  
  75  6:07  Marine  
  75  6:08  Viking x2, Stimpack  
  81  6:16  SCV x2  
  83  6:19  SCV  
  83  6:25  Supply Depot, Marine  
  85  6:28  SCV x2  
  85  6:29  Barracks  
  85  6:31  Barracks  
  87  6:34  SCV  
  87  6:39  Viking  
  90  6:40  SCV x2  
  90  6:47  Viking, SCV  
  95  6:53  SCV, Supply Depot  
  96  6:54  Supply Depot  
  96  6:56  Refinery  
  96  6:58  Refinery  
  96  6:59  SCV x2  
  98  7:03  Siege Tank  
  98  7:05  SCV  
  101  7:11  Barracks  
  101  7:13  Barracks  
  101  7:18  Viking  
  101  7:19  Viking  
  101  7:20  SCV  
  99  7:33  Barracks Reactor  
  99  7:34  Barracks Reactor  
  99  7:35  SCV  
  100  7:37  Marine, Siege Tank  
  100  7:39  Supply Depot  
  100  7:40  Supply Depot  
  100  7:41  Armory  
  101  7:45  SCV  
  101  7:46  SCV  
  103  7:52  SCV  
  103  7:53  Sensor Tower  
  103  7:54  Combat Shield  
  103  7:55  Marine  
  103  7:56  Medivac x2  
  103  7:57  SCV  
  103  7:58  SCV  
  111  8:02  Barracks Reactor  
  111  8:03  Barracks Reactor  
  111  8:04  SCV  
  112  8:08  Supply Depot  
  112  8:09  SCV  
  112  8:10  SCV, Supply Depot  
  112  8:12  Supply Depot  
  113  8:16  SCV, Marine  
  113  8:17  Marine x3, Siege Tank  
  118  8:33  Sensor Tower  
  118  8:34  Marine  
  118  8:35  Medivac, Marine x2  
  118  8:36  Medivac, Terran Infantry Weapons Level 2  
  118  8:38  SCV  
  118  8:39  SCV  
  127  8:42  Terran Infantry Armor Level 2  
  127  8:51  Command Center  
  127  8:54  Marine x7  
  134  9:03  SCV x3, Marine x2  
  134  9:05  Siege Tank  
  142  9:11  Missile Turret, Marine x2  
  142  9:16  Marine x2  
  142  9:17  Marine x3  
  149  9:24  Terran Vehicle Weapons Level 1  
  149  9:25  Marine, Barracks  
  149  9:27  Barracks  
  149  9:28  Barracks  
  151  9:32  Supply Depot  
  151  9:35  Supply Depot  
  151  9:36  Supply Depot  
  151  9:39  Marine x2  
  151  9:40  Marine x4  
  151  9:41  Siege Tank  
  159  9:47  Factory  
  159  9:48  Marine x2  
  159  9:50  Barracks Reactor, Medivac x2  
  164  9:57  Marine  
  163  10:17  Barracks Reactor x2  
  163  10:18  Barracks Reactor  
  154  10:32  Marine  
  154  10:33  Marine x2  
  154  10:35  Marine x3  
  152  10:40  Missile Turret  
  152  10:42  SCV x2  
  141  10:46  Siege Tank  
  141  10:48  Siege Tank  
  147  10:52  Refinery  
  147  10:53  Medivac x2  
  147  10:55  Refinery  
  147  10:56  Marine x2  
  153  10:59  Planetary Fortress  
  153  11:00  Marine x2  
  153  11:01  Marine x7  
  153  11:02  Terran Infantry Weapons Level 3  
  153  11:03  Terran Infantry Armor Level 3  
  162  11:09  Marine x4  
  166  11:11  Sensor Tower  
  166  11:21  Marine x2  
  166  11:22  Marine x5  
  166  11:23  Siege Tank x2  
  179  11:27  Command Center  
  179  11:33  Terran Vehicle Weapons Level 2  
  178  11:46  Marine x4  
  181  11:47  Marine x4  
  181  11:48  Marine  
  185  11:54  Marine x2  
  185  11:55  Marine  
  162  12:08  Marine x3  
  162  12:11  Marine x3  
  162  12:15  Marine x2  
  148  12:17  Marine x2  
  148  12:18  Marine  
  148  12:19  Marine  
  148  12:20  Marine x2  
  147  12:26  Marine x4  
  147  12:27  Marine  
  147  12:28  Siege Tank x2  
  147  12:29  Marine x3, Liberator x2  
  161  12:33  Marine  
  168  12:40  Marine x4  
  168  12:42  Marine  
  168  12:43  Marine  
  174  12:45  Marine x6  
  174  12:46  Marine  
  174  12:47  Marine x2  
  174  12:51  Marine  
  182  13:03  Marine x5  
  182  13:04  Marine  
  188  13:08  Missile Turret  
  182  13:31  Marine x3  
  155  13:36  Marine x3  
  155  13:37  Marine x4  
  155  13:38  Siege Tank x2  
  168  13:41  Marine x3  
  168  13:42  Marine  
  168  13:44  Marine x2  
  171  13:49  Marine x2  
  173  14:11  Marine  
  173  14:13  Siege Tank x2  
  173  14:20  Marine x2  
  173  14:21  Marine x2  
  173  14:24  Marine x3  
  127  14:26  Marine x4  
  127  14:27  Marine x4  
  127  14:29  Marine  
  127  14:30  Planetary Fortress  
  133  14:36  Terran Vehicle Weapons Level 3  
  133  14:38  Marine x2  
  133  14:41  Marine  
  133  14:42  Marine x4, Fusion Core  
  133  14:44  Starport  
  133  14:45  Starport  
  140  14:59  Marine x5  
  143  15:00  Marine x4  
  143  15:01  Marine x7  
  143  15:02  Siege Tank x2  
  162  15:12  SCV x2  
  164  15:17  Marine x5  
  169  15:25  Viking x2  
  173  15:29  Starport Reactor x2  
  173  15:32  Advanced Ballistics  
  170  15:38  Marine x2  
  166  15:46  Marine x3  
  166  15:49  Marine x2  
  158  15:50  Marine  
  158  15:51  Marine x2  
  158  15:52  Marine x2  
  158  15:54  Marine x3, Siege Tank x2  
  158  15:55  Marine  
  174  15:59  Command Center  
  162  16:07  Marine  
  162  16:08  Marine x7  
  162  16:09  Marine x2  
  162  16:10  Marine x2  
  144  16:12  Marine x3  
  144  16:15  Marine  
  148  16:25  Marine  
  148  16:26  Command Center, Siege Tank x2  
  154  16:46  Marine  
  139  16:47  Marine x2  
  139  16:48  Marine x4  
  139  16:49  Marine x2  
  128  16:55  Marine x2  
  128  16:56  Marine  
  128  16:58  Siege Tank x2  
  133  17:03  Marine x2  
  135  17:13  Marine x4  
  139  17:17  Marine x3  
  139  17:21  SCV  
  139  17:22  SCV x2  
  145  17:30  Siege Tank x2  
  145  17:32  Viking x2  
  145  17:33  Viking x3  
  161  17:56  Marine  
  161  17:57  Marine x2  
  161  17:58  Marine x3  
  135  17:59  Marine x4  
  135  18:02  Siege Tank x2  
  130  18:06  Marine x2  
  130  18:07  Viking x2, Marine  
  134  18:15  Marine x2  
  134  18:16  Marine  
  137  18:32  Marine x3  
  137  18:34  Marine x3, Siege Tank  
  135  18:35  Marine x5, Siege Tank  
  135  18:37  Marine x3  
  144  18:41  Marine x2  
  144  18:46  Liberator  
  144  18:47  Liberator x2  
  141  18:52  SCV, Marine x2  
  141  18:53  Planetary Fortress  
  144  19:19  Siege Tank  
  147  19:27  Liberator x2  
  147  19:28  Viking  
  155  19:31  Siege Tank  
  155  19:37  Marine x3  
  161  19:39  Marine x2  
  161  19:40  Marine x2  
  165  19:51  Marine x3, Siege Tank  
  159  20:03  Viking x2  
  159  20:04  Viking, Siege Tank  
  165  20:08  Marine x4  
  169  20:23  SCV x2, Siege Tank  
  169  20:25  Marine  
  169  20:26  Marine x4  
  179  20:29  Planetary Fortress  
  179  20:31  Command Center  
  176  20:36  Siege Tank  
  176  20:40  Marine x3  
  123  20:43  Marine x2  
  123  20:44  Marine x6  
  123  20:49  Marine x4  
  126  20:51  Medivac x2  
  126  20:55  Siege Tank  
  134  20:58  Marine x4  
  134  21:01  Marine  
  136  21:08  SCV x2, Siege Tank  
  135  21:21  Marine x4  
  135  21:22  Marine x2  
  135  21:23  Marine x5  
  135  21:24  Command Center, Marine x5  
  150  21:27  Siege Tank  
  153  21:32  Command Center  
  153  21:36  Liberator x2  
  153  21:37  Liberator x2  
  153  21:39  Marine  
  166  21:41  Siege Tank  
  166  21:42  Marine x3  
  166  21:43  Marine  
  173  21:59  Siege Tank  
  175  22:08  Command Center  
  175  22:10  Marine x3  
  175  22:11  Marine x3  
  175  22:12  Marine x3  
  175  22:13  Siege Tank  
  173  22:32  Siege Tank  
  173  22:35  Marine x3  
  173  22:36  Marine x2  
  131  22:38  Marine x3  
  131  22:45  Marine x2  
  131  22:46  Marine x4  
  131  23:07  Marine x2  
  131  23:08  Marine x4  
  131  23:09  Siege Tank x2  
  131  23:10  Marine  
  131  23:11  Marine x2  
  131  23:12  Marine x2  
  146  23:18  Viking x4  
  146  23:19  Viking x2, Marine x3  
  162  23:20  Marine x2  
  162  23:25  Marine  
  166  23:29  Marine x4  
  166  23:30  Marine x2  
  172  23:40  Marine  
  172  23:41  Marine, Siege Tank x2  
  180  23:48  Marine  
  180  23:49  Marine x3  
  165  24:13  Siege Tank x2  
  171  24:17  Orbital Command  
  171  24:23  Command Center  
  171  24:33  Medivac x3  
  174  24:39  Marine x2  
  170  24:46  Marine x2  
  170  24:48  Medivac  
  174  25:01  Marine x3  
  177  25:13  Marine x4  
  170  25:32  Marine x2  
  159  25:36  Marine  
  159  25:37  Marine x7  
  159  25:38  Marine x3  
  162  25:44  Liberator  
  165  26:02  Viking  
  167  26:05  Refinery  
  167  26:06  Refinery x2  
  167  26:11  Refinery  
  162  27:11  Command Center  
Show
View Real Time Build Order
Export as new Build Order

Unix Terran 

Build Orders: Reaper Expand 

Get SALT Encoding   

  12  0:00  SCV  
  13  0:12  SCV  
  14  0:17  Supply Depot  
  14  0:24  SCV  
  15  0:39  SCV, Barracks  
  16  0:47  Refinery  
  16  0:51  SCV  
  17  1:03  SCV  
  18  1:15  SCV  
  19  1:29  Reaper  
  19  1:30  Orbital Command  
  20  1:44  Command Center  
  20  2:00  SCV  
  21  2:01  Supply Depot  
  21  2:14  Refinery, Factory  
  21  2:17  SCV  
  22  2:26  Barracks Reactor  
  22  2:29  SCV  
  23  2:41  SCV  
  23  2:53  SCV  
  24  2:59  Starport  
  24  3:00  Factory Tech Lab  
  24  3:02  Marine x2  
  24  3:03  Orbital Command  
  26  3:05  SCV  
  27  3:18  SCV  
  27  3:19  Cyclone, Marine  
  31  3:20  Marine  
  33  3:29  SCV, Refinery  
  33  3:30  SCV  
  35  3:37  Marine  
  35  3:39  Starport Tech Lab  
  35  3:41  SCV  
  37  3:42  SCV  
  37  3:52  Siege Tank  
  37  3:55  SCV x2  
  42  4:07  SCV  
  42  4:09  Barracks  
  43  4:10  SCV  
  43  4:12  Barracks  
  43  4:16  Raven  
  46  4:33  Factory Reactor, Stimpack  
  46  4:41  Supply Depot x2  
  46  4:45  Engineering Bay  
  46  5:02  Marine x3  
  46  5:03  SCV x2  
  51  5:07  Command Center  
  51  5:08  Supply Depot  
  51  5:11  Starport Reactor  
  51  5:15  SCV x2  
  51  5:17  Terran Infantry Weapons Level 1  
  51  5:20  Marine x3  
  56  5:24  Siege Tank  
  56  5:27  SCV x2  
  61  5:28  Marine  
  61  5:29  Marine  
  61  5:34  Supply Depot  
  63  5:38  Marine  
  63  5:39  SCV x2  
  63  5:41  Marine  
  63  5:42  Marine  
  68  5:46  Marine  
  68  5:47  Marine  
  70  5:55  Supply Depot  
  70  5:56  Marine, Siege Tank  
  74  5:57  Supply Depot  
  74  5:59  Marine x2  
  74  6:03  Medivac  
  78  6:13  Combat Shield  
  78  6:16  Marine x2  
  78  6:17  Medivac  
  78  6:18  SCV x2  
  84  6:20  Supply Depot  
  84  6:22  Engineering Bay  
  84  6:23  Armory  
  84  6:24  Marine x3  
  87  6:30  Orbital Command  
  87  6:37  Marine x2  
  89  6:42  Marine x2, Siege Tank  
  89  6:44  Refinery  
  94  6:49  Supply Depot  
  94  6:56  Medivac x2  
  94  6:59  Marine x4  
  102  7:15  Terran Infantry Armor Level 1  
  102  7:16  SCV, Barracks x2  
  74  7:35  Marine x5, Siege Tank  
  71  7:37  SCV  
  71  7:38  SCV x2  
  71  7:42  Terran Infantry Weapons Level 2  
  74  7:50  SCV x2, Medivac  
  78  7:55  SCV  
  78  7:57  Marine  
  78  7:58  Marine x2  
  82  7:59  Marine x2  
  82  8:02  SCV x2  
  86  8:07  SCV  
  86  8:09  Terran Vehicle Weapons Level 1, Barracks Reactor  
  86  8:10  Barracks Reactor  
  87  8:14  SCV  
  87  8:15  Marine x3  
  87  8:17  Marine x2  
  93  8:29  Siege Tank  
  93  8:33  Factory, Marine x3  
  99  8:34  Marine  
  99  8:35  Marine  
  99  8:38  SCV x2  
  99  8:40  Refinery  
  99  8:41  Refinery  
  103  8:43  Medivac  
  105  8:51  Marine x3  
  105  8:52  Command Center  
  105  8:54  Marine x6  
  114  9:02  Siege Tank  
  117  9:05  Supply Depot x2  
  117  9:09  Marine x3  
  120  9:11  Marine  
  120  9:12  SCV x2, Marine x2  
  125  9:20  Factory Tech Lab  
  125  9:26  Marine x4  
  125  9:27  SCV x3, Marine  
  125  9:29  Marine x4  
  137  9:34  Siege Tank  
  137  9:37  Terran Infantry Armor Level 2  
  140  9:39  SCV  
  140  9:43  Supply Depot  
  140  9:44  Supply Depot  
  141  9:54  Marine  
  141  10:04  SCV, Marine x7  
  141  10:05  Command Center  
  141  10:06  Marine, Siege Tank  
  153  10:08  Terran Infantry Weapons Level 3  
  153  10:11  Marine  
  154  10:22  Marine x2  
  154  10:24  Marine  
  154  10:25  Marine x5  
  149  10:29  Marine  
  149  10:34  Missile Turret x2, Sensor Tower  
  141  10:40  Marine x2  
  141  10:41  Siege Tank  
  141  10:42  Terran Vehicle Weapons Level 2, Marine x3, Siege Tank  
  148  10:43  Marine  
  148  10:44  Medivac x2  
  148  10:49  SCV  
  157  10:51  Supply Depot  
  157  10:52  Supply Depot  
  157  10:54  SCV x2  
  159  11:01  Marine x4  
  159  11:02  Marine x2  
  165  11:12  Marine x3  
  165  11:14  Siege Tank  
  168  11:19  Marine x2  
  168  11:22  Siege Tank  
  168  11:23  Marine, Liberator x2  
  168  11:24  Marine  
  181  11:33  Supply Depot  
  181  11:36  Marine x5  
  181  11:37  Marine x2  
  188  11:46  Siege Tank  
  189  11:49  Marine x2  
  191  11:54  Marine x5  
  195  12:06  Marine x2  
  195  12:07  Marine x2  
  175  12:12  Marine x5  
  146  12:22  Medivac x2, Siege Tank x2  
  133  12:24  Marine x2  
  137  12:32  Marine x7  
  137  12:35  Planetary Fortress  
  141  12:38  Terran Infantry Armor Level 3  
  141  12:40  SCV x3  
  141  12:42  Marine x2  
  145  12:50  Marine x3  
  148  12:54  Medivac x2, Siege Tank  
  148  12:57  Marine x3  
  148  12:58  Marine  
  159  13:00  Marine x2  
  161  13:07  Marine  
  161  13:08  Marine  
  163  13:15  Marine  
  163  13:16  Marine x4  
  163  13:17  Marine  
  163  13:18  Marine  
  166  13:29  Marine x2  
  166  13:33  Marine x5  
  165  13:35  Marine  
  165  13:39  Medivac x2  
  169  13:46  SCV x3, Command Center  
  172  13:52  Marine, Siege Tank x2  
  172  13:53  Marine x7  
  186  14:01  Marine  
  187  14:10  SCV x4, Marine  
  187  14:11  Marine x3  
  187  14:13  Viking x2  
  187  14:17  Marine  
  127  14:31  Marine, Siege Tank x2  
  127  14:32  Marine x7  
  127  14:34  Marine  
  138  14:49  Marine  
  138  14:51  Marine x7  
  138  14:52  Marine  
  147  14:57  Planetary Fortress  
  147  15:02  Medivac x2  
  147  15:03  Siege Tank x2  
  157  15:07  Marine  
  157  15:09  Marine x7  
  157  15:10  Marine  
  164  15:25  Marine  
  164  15:27  Marine  
  160  15:39  Siege Tank x2  
  160  15:40  Viking x2  
  168  15:46  Marine  
  168  15:47  Marine x8  
  151  15:53  SCV x2  
  151  15:54  SCV x2  
  154  16:04  Marine x3  
  154  16:05  Marine x4  
  154  16:10  Medivac  
  148  16:11  Siege Tank  
  148  16:12  Siege Tank  
  148  16:13  Marine x2  
  153  16:19  Barracks  
  153  16:21  Factory  
  153  16:22  Marine x7, Liberator  
  153  16:24  Barracks  
  163  16:30  Marine  
  163  16:31  Marine  
  165  16:40  Marine, Liberator  
  165  16:41  Command Center  
  165  16:43  Siege Tank  
  165  16:44  Marine x6  
  165  16:45  Siege Tank  
  163  16:48  Marine  
  163  16:49  Marine  
  147  16:58  Marine  
  135  17:02  Marine x6  
  135  17:06  Marine x3  
  142  17:15  Marine  
  142  17:16  Siege Tank  
  142  17:17  Siege Tank  
  142  17:19  Marine  
  142  17:20  Marine x5  
  152  17:23  Marine  
  152  17:24  Marine  
  152  17:28  Marine x2  
  154  17:33  Marine  
  155  17:37  Marine x4  
  155  17:38  Marine x2  
  155  17:42  Marine  
  155  17:43  Marine  
  163  17:45  Marine  
  163  17:46  Marine  
  163  17:48  Siege Tank  
  168  17:51  Marine  
  168  17:55  Marine x6  
  156  18:00  Marine x2  
  156  18:01  Siege Tank  
  156  18:03  Marine x2  
  148  18:09  Planetary Fortress, Marine  
  147  18:13  Marine x3  
  149  18:20  Siege Tank  
  149  18:22  Marine x7  
  149  18:25  Factory Tech Lab  
  158  18:27  Marine  
  158  18:31  Marine x3  
  148  18:40  Marine x7  
  131  18:44  Marine  
  125  18:48  Marine  
  125  18:49  Viking x2, Marine x2  
  132  18:58  Marine x7  
  132  19:02  Marine  
  137  19:06  SCV x2, Marine x2  
  137  19:07  Marine  
  143  19:11  Siege Tank  
  143  19:12  Siege Tank x2  
  143  19:15  Marine  
  143  19:16  Marine x3  
  156  19:24  Marine x4  
  156  19:25  Marine x3  
  162  19:33  Marine  
  162  19:34  Marine x3  
  162  19:36  SCV, Refinery x2  
  162  19:37  SCV  
  168  19:42  Marine x7  
  168  19:44  Siege Tank x2  
  177  19:52  Marine x4  
  163  20:00  Marine x7  
  167  20:10  Marine x4  
  170  20:16  Refinery  
  170  20:17  Command Center, Refinery  
  170  20:18  Viking, Marine x7, Siege Tank  
  180  20:28  Marine x4  
  183  20:35  Marine  
  183  20:36  Marine x2  
  162  20:46  Marine x2, Siege Tank x2  
  162  20:47  Marine  
  164  21:04  Medivac x2, Marine  
  151  21:08  Marine x7  
  156  21:18  Marine  
  156  21:24  SCV x2  
  159  21:34  Viking  
  159  21:38  Viking  
  160  21:49  Marine x6  
  160  21:50  Marine x4  
  163  22:09  Marine x10  
  163  22:10  Siege Tank  
  176  22:16  Siege Tank  
  130  22:31  Marine x8  
  130  22:34  Marine, Siege Tank  
  130  22:35  Marine x2  
  117  22:44  Siege Tank  
  103  22:58  Viking x2  
  103  23:04  Marine x6  
  103  23:05  Marine x3  
  116  23:19  Siege Tank  
  122  23:20  Marine x2, Siege Tank  
  122  23:22  Marine x2  
  122  23:26  Orbital Command  
  126  23:29  Unknown  
  126  23:32  Marine  
  126  23:33  Marine x2  
  123  23:42  Marine  
  123  23:43  Marine x6  
  130  23:56  Marine x4  
  130  24:00  Marine x4  
  133  24:04  Marine x3  
  86  24:14  Marine x4  
  88  24:19  Marine  
  89  24:25  Medivac x2, Siege Tank  
  89  24:29  Marine x6  
  99  24:32  Marine x2  
  89  24:39  Orbital Command  
  89  24:41  Siege Tank  
  89  24:45  Marine x2  
  91  24:46  Marine  
  91  24:52  Marine x6  
  82  25:15  Marine x9  
  82  25:16  Siege Tank x2  
  93  25:33  Marine x5  
  93  25:34  Marine x3  
  82  25:45  Marine  
  82  25:48  Siege Tank  
  82  25:49  Medivac  
  87  25:51  Marine x4  
  92  25:59  Command Center  
  91  26:04  Marine  
  91  26:05  Marine x4  
  91  26:08  Marine  
  91  26:09  Marine x3  
  96  26:20  Medivac  
  96  26:22  Marine x3  
  101  26:36  Marine x2  
  98  26:51  Missile Turret  
Tags
 
Add a new tag
Caveats
  • Supply blocks, unpowered buildings, or Contaminate may cause inaccurate times.
  • Supply counts are checked every 10 seconds.